 Dungeon Crawl Stone Soup version 0.22-a0-617-g6d95e9e (webtiles) character file.

101 Ijustatesigmund the Shield-Bearer (level 4, -3/33 HPs)
             Began as an Octopode Fighter on July 12, 2018.
             Slain by a sky beast (6 damage)
             ... on level 3 of the Dungeon.
             The game lasted 00:05:36 (2320 turns).

Ijustatesigmund the Shield-Bearer (OpFi)            Turns: 2320, Time: 00:05:36

Health: -3/33      AC:  1    Str: 20    XL:     4   Next: 75%
Magic:  4/4        EV: 12    Int: 10    God:
Gold:   101        SH:  9    Dex: 12    Spells: 3/3 levels left

rFire    . . .     SeeInvis .   m - +4 hand axe
rCold    . . .     Gourm    .   b - +0 shield
rNeg     . . .     Faith    .   (helmet restricted)
rPois    .         Spirit   .   o - amulet of inaccuracy (curse)
rElec    .         Reflect  .   h - ring of teleportation (curse)
rCorr    .         Harm     .   i - +2 ring of slaying
MR       .....     Rnd*Tele +   (no ring)
Stlth    ++........             (no ring)
HPRegen  0.11/turn              (no ring)
MPRegen  0.09/turn              (no ring)
                                (no ring)
                                (no ring)

@: mighty
A: almost no armour, stealthy swim, amphibious, 8 rings, constrict 8, camouflage
1, gelatinous body 1
a: no special abilities


You were on level 3 of the Dungeon.
You were not hungry.

You visited 1 branch of the dungeon, and saw 3 of its levels.

You collected 101 gold pieces.

Inventory:

Hand Weapons
 a - a +0 war axe
 m - a +4 hand axe (weapon)
Missiles
 l - a throwing net (quivered)
Armour
 b - a +0 shield (worn)
Jewellery
 h - a cursed ring of teleportation (left tentacle)
 i - a +2 ring of slaying (right tentacle)
 o - a cursed amulet of inaccuracy (around mantle)
Scrolls
 f - 3 scrolls of teleportation
 g - 4 scrolls of identify
 n - a scroll of amnesia
Potions
 e - a potion of invisibility
 j - a potion of magic
 p - a potion of mutation {unknown}
Comestibles
 d - 5 rations


   Skills:
 + Level 3.7 Fighting
 * Level 3.6 Axes
 - Level 3.0 Dodging
 + Level 3.7 Shields


You had 3 spell levels left.
You didn't know any spells.
Your spell library was empty.

Dungeon Overview and Level Annotations

Branches:
Dungeon (3/15)

Altars:
Gozag
Nemelex Xobeh
Ru
Sif Muna


Innate Abilities, Weirdness & Mutations

You cannot wear most types of armour.
You are very stealthy in the water. (Stealth+)
You are amphibious.
You can wear up to eight rings at the same time.
You can use your tentacles to constrict eight enemies at once.
Your skin changes colour to match your surroundings (Stealth+).
Your rubbery body absorbs attacks. (AC +1, EV +1)


Message History

Something hits you. Something shocks you.
No target in view!
No target in view!
No target in view!
No target in view!
No target in view!
No target in view!
No target in view!
No target in view!
No target in view!
You feel very mighty all of a sudden. Something hits you. Something shocks you.
You closely miss something. Something hits you. Something shocks you.
* * * LOW HITPOINT WARNING * * *
You closely miss something. You block something's attack.
You barely miss something. You squeeze something!
Something hits you but does no damage. Something hits you.
* * * LOW HITPOINT WARNING * * *
Something shocks you.
You die...

#..#.# #.# #[.#.#
#.# #..#.# #.#
#..#.# #.# #..#.#
#.#
######..#.#####.#
..............>.#
#####..#######.#
#.@# #.##
#.{#######..#
...........#.###
###########.._..#
.........#.#.#
#############.#.#
#...........#...#
#.#########.###)#
#..<......#†# #.#


There were no monsters in sight!

Vanquished Creatures
  4 adders
  A shadow imp (D:2)
  A dart slug (D:1)
  3 leopard geckos
  3 giant cockroaches
  4 goblins
  7 hobgoblins
  8 jackals
  A quokka (D:2)
  A ball python (D:1)
  6 bats
  A frilled lizard (D:2)
  6 kobolds
  6 rats
52 creatures vanquished.

Notes
Turn   | Place    | Note
-------+----------+-------------------------------------------
     0 | D:1      | Ijustatesigmund the Octopode Fighter began the quest for the Orb.
     0 | D:1      | Reached XP level 1. HP: 16/16 MP: 1/1
   448 | D:1      | Reached XP level 2. HP: 21/21 MP: 2/2
   933 | D:1      | Reached XP level 3. HP: 21/26 MP: 3/3
  1082 | D:1      | Found a sparkling altar of Nemelex Xobeh.
  1525 | D:2      | Found a deep blue altar of Sif Muna.
  1803 | D:2      | Reached XP level 4. HP: 29/31 MP: 4/4
  1836 | D:2      | Found a sacrificial altar of Ru.
  2295 | D:3      | Found an opulent altar of Gozag.
  2311 | D:3      | Noticed a sky beast
  2320 | D:3      | Slain by a sky beast

Vault maps used:
D:1:      minmay_arrival_four_circles, corexii_corridor_pit,
          hangedman_decor_growths, kennysheep_pointless_box,
          nemelex_xobeh_ov_fountains_minmay
D:2:      lemuel_crystal_altar, nicolae_overflow_crystal_walls
D:3:      lemuel_crystal_altar, first_ration, serial_glass, glass_columns_b,
          glass_columns_a, cheibrodos_sewer_entry_bend

Skill      XL: |  1  2  3 |
---------------+----------+-----
Axes           | 3 |  3.6
Fighting       | |  3.7
Dodging        | |  3.0
Shields        | |  3.7

Action                   |  1- 3 |  4- 6 || total
-------------------------+-------+-------++-------
Melee: War axe           |    54 |       ||    54
       Constrict         |    18 |     7 ||    25
       Tentacles         |     9 |     6 ||    15
       Hand axe          |     5 |    33 ||    38
  Use: Scroll            |     7 |       ||     7
       Potion            |       |     1 ||     1
 Stab: Sleeping          |     5 |     2 ||     7
  Eat: Chunk             |     3 |     1 ||     4
Armor: Skin              |     4 |     3 ||     7
Dodge: Dodged            |    22 |    15 ||    37
Block: Shield            |    29 |    20 ||    49

Table legend:
 A = Spawn XP
 B = Non-spawn XP
 C = Spawn XP percentage of total XP
 D = Spawn monster count
 E = Non-spawn monster count
 F = Spawn count percentage of total count
 G = Total turns spent on level
                    A         B        C        D         E        F      G
               +---------+---------+-------+---------+---------+-------+---------
         Total |       0 |     145 |   0.0 |       0 |      52 |   0.0 |  2320
               +---------+---------+-------+---------+---------+-------+---------
           D:1 |       0 |      44 |   0.0 |       0 |      24 |   0.0 |  1460
           D:2 |       0 |      85 |   0.0 |       0 |      25 |   0.0 |   804
           D:3 |       0 |      16 |   0.0 |       0 |       3 |   0.0 |    56
               +---------+---------+-------+---------+---------+-------+---------
